Map: Zen LE

Players

ZipperTheFly

  • Race: Terran Terran
  • Spawn Location: 1:00

Kas - Winner!

  • Race: Terran Terran
  • Spawn Location: 7:00

Event: IEM Katowice 2020

VOD

Have the link to the VOD?

Description

Time

  • Played on: Feb. 24, 2020, 10:29 a.m.
  • Length: 10:00

All games in this series

Show
View Real Time Build Order
Export as new Build Order

ZipperTheFly Terran 

Build Orders: 1/1/1, Liberator Opening 

Get SALT Encoding   

  12  0:00  SCV  
  13  0:12  SCV  
  14  0:17  Supply Depot  
  14  0:25  SCV  
  14  0:27  Refinery  
  15  0:38  SCV  
  16  0:44  Barracks  
  16  0:50  SCV  
  16  0:55  Refinery  
  17  1:02  SCV  
  18  1:14  SCV  
  19  1:31  Reaper, Orbital Command  
  20  1:35  Factory  
  20  1:46  Supply Depot  
  20  1:57  SCV  
  21  2:03  Reaper  
  22  2:09  SCV  
  23  2:19  Hellion  
  23  2:20  Starport  
  23  2:22  SCV  
  26  2:24  Supply Depot  
  26  2:34  SCV  
  26  2:36  Reaper  
  28  2:40  Hellion  
  30  2:57  Liberator  
  33  3:02  Hellion  
  35  3:08  Reaper  
  35  3:12  Command Center  
  36  3:23  Hellion  
  36  3:24  Supply Depot  
  38  3:33  SCV  
  39  3:40  Barracks Reactor  
  39  3:44  Factory Tech Lab  
  39  3:46  Viking  
  41  3:55  SCV  
  42  4:03  Siege Tank  
  42  4:08  SCV  
  41  4:20  SCV  
  41  4:21  Marine x2  
  41  4:22  Starport Tech Lab  
  41  4:25  Orbital Command  
  41  4:32  SCV  
  41  4:36  Refinery  
  41  4:37  Refinery  
  42  4:39  Marine x2  
  42  4:40  Raven  
  42  4:44  SCV  
  47  4:50  SCV  
  48  4:56  SCV, Starport  
  49  5:02  SCV  
  49  5:04  Marine x2  
  52  5:08  SCV  
  52  5:11  Siege Tank  
  55  5:15  SCV, Supply Depot  
  55  5:20  SCV  
  57  5:22  Marine x2  
  57  5:27  SCV  
  60  5:29  Raven  
  60  5:32  SCV  
  60  5:34  Starport Reactor  
  63  5:38  Supply Depot  
  63  5:39  SCV  
  64  5:44  Marine x2  
  64  5:49  Siege Tank  
  67  6:02  SCV, Marine x2  
  67  6:03  SCV  
  67  6:04  Supply Depot  
  71  6:15  Viking  
  71  6:16  Viking  
  75  6:21  Viking  
  77  6:26  Supply Depot  
  77  6:35  Siege Tank  
  80  6:41  Marine x2  
  82  6:47  Viking  
  84  6:55  Liberator  
  84  6:56  Viking  
  84  6:59  Marine x2  
  86  7:21  Viking  
  84  7:23  Marine x2, Siege Tank  
  91  7:30  Raven  
  91  7:41  Marine x2  
  73  7:56  Viking x2  
  68  7:59  Marine x2  
  70  8:09  Siege Tank  
  70  8:11  Refinery  
  73  8:16  Marine  
  73  8:17  Marine  
  75  8:26  SCV x2  
  77  8:27  Viking x2  
  77  8:28  Viking  
  83  8:34  Supply Depot  
  83  8:38  SCV x2  
  80  8:55  Marine  
  49  9:05  Marine  
  50  9:12  Liberator  
  50  9:13  Marine  
  52  9:23  Marine  
  48  9:30  Marine  
Show
View Real Time Build Order
Export as new Build Order

Kas Terran - Winner!

Build Orders:  

Get SALT Encoding   

  12  0:00  SCV  
  13  0:13  SCV  
  14  0:17  Supply Depot  
  14  0:25  SCV  
  15  0:37  Refinery  
  15  0:39  SCV  
  16  0:45  Barracks  
  16  0:51  SCV  
  16  0:54  Refinery  
  17  1:03  SCV  
  18  1:15  SCV  
  19  1:32  Factory  
  19  1:33  Orbital Command  
  19  1:38  Reaper  
  20  1:56  Supply Depot  
  20  1:59  SCV  
  21  2:10  Reaper  
  21  2:11  SCV  
  23  2:18  Hellion  
  25  2:23  SCV  
  25  2:27  Command Center  
  26  2:35  SCV  
  26  2:36  Supply Depot  
  27  2:41  Hellion  
  27  2:42  Reaper  
  30  2:47  SCV  
  31  2:55  Starport  
  31  3:03  SCV  
  31  3:04  Factory Tech Lab  
  32  3:11  Refinery  
  32  3:15  SCV  
  33  3:22  Barracks Reactor  
  33  3:23  Cyclone  
  36  3:27  SCV  
  36  3:31  Viking  
  39  3:39  Orbital Command  
  39  3:41  SCV  
  40  3:53  SCV  
  41  3:55  Siege Tank  
  41  3:59  Marine x2  
  41  4:02  Starport Tech Lab  
  46  4:05  SCV  
  40  4:21  SCV  
  39  4:24  SCV  
  39  4:31  Siege Tank  
  43  4:32  Marine x2  
  43  4:33  SCV  
  43  4:35  Viking  
  43  4:36  SCV  
  49  4:47  SCV  
  49  4:48  SCV  
  49  4:50  Supply Depot  
  51  4:53  Supply Depot  
  51  4:55  Marine  
  51  4:56  Marine  
  51  4:59  SCV  
  54  5:06  SCV  
  53  5:11  SCV  
  53  5:16  Siege Tank  
  53  5:18  SCV  
  57  5:23  SCV  
  57  5:28  Supply Depot  
  58  5:30  Viking x2, SCV, Marine  
  58  5:33  Stimpack  
  64  5:36  SCV  
  64  5:40  Supply Depot  
  65  5:44  SCV, Supply Depot  
  65  5:48  SCV  
  67  5:52  Supply Depot  
  67  5:55  Siege Tank  
  70  6:01  Viking  
  70  6:02  Viking  
  74  6:10  SCV  
  75  6:15  SCV  
  76  6:22  Command Center  
  76  6:23  SCV  
  76  6:25  Marine  
  78  6:31  SCV  
  79  6:33  Barracks  
  79  6:36  Barracks  
  79  6:37  SCV  
  80  6:40  Refinery  
  80  6:46  Engineering Bay  
  80  6:47  Engineering Bay  
  80  6:48  Siege Tank  
  82  6:55  SCV x2  
  84  7:02  Marine  
  84  7:07  SCV x2  
  87  7:11  Liberator x2  
  93  7:19  SCV  
  93  7:22  SCV  
  91  7:23  Barracks Reactor x2  
  91  7:24  Terran Infantry Weapons Level 1, Marine  
  91  7:25  Terran Infantry Armor Level 1  
  92  7:31  SCV  
  93  7:43  SCV  
  94  7:45  Marine  
  78  7:58  SCV  
  78  7:59  Viking x2  
  78  8:00  Combat Shield  
  78  8:01  Marine x2  
  78  8:03  Marine, Barracks  
  78  8:04  Barracks  
  72  8:07  Orbital Command, Marine  
  72  8:09  SCV  
  72  8:10  SCV  
  75  8:20  Marine x2  
  75  8:21  Marine  
  75  8:24  SCV x2, Marine  
  75  8:25  Marine  
  75  8:26  Siege Tank  
  85  8:29  Sensor Tower  
  85  8:37  Armory, Marine  
  85  8:38  Marine  
  87  8:44  Marine x2  
  84  8:48  Marine  
  84  8:51  Marine  
  84  8:53  Marine  
  70  8:55  Marine x2  
  70  8:59  Medivac x2  
  70  9:00  Siege Tank  
  70  9:01  SCV x2  
  70  9:02  Marine x2  
  76  9:06  Marine  
  76  9:08  Marine  
  71  9:11  Marine  
  71  9:13  Marine x2  
  72  9:19  Marine  
  72  9:20  Marine  
  72  9:21  Orbital Command  
  70  9:24  Marine  
  70  9:26  Marine  
  70  9:29  Marine  
  70  9:31  Marine x2  
  65  9:37  Marine x2  
  66  9:42  Marine  
  66  9:46  SCV  

Tags
 
Add a new tag
Caveats
  • Supply blocks, unpowered buildings, or Contaminate may cause inaccurate times.
  • Supply counts are checked every 10 seconds.